 Dungeon Crawl Stone Soup version 0.26.1-2-gb8aa6d0cf2 (webtiles) character file.

Game seed: 582186369315865024

177 Ladykiller69 the Skirmisher (level 5, -2/55 HPs)
             Began as an Ogre Hunter on Mar 16, 2021.
             Was an Initiate of Okawaru.
             Killed from afar by an orc wizard (6 damage)
             ... with a magic dart
             ... on level 3 of the Dungeon.
             The game lasted 00:09:06 (4167 turns).

Ladykiller69 the Skirmisher (Ogre Hunter)           Turns: 4167, Time: 00:09:07

Health: -2/55      AC:  3    Str: 14 (16) XL:     5   Next: 57%
Magic:  5/5        EV: 10    Int: 10 (12) God:    Okawaru [......]
Gold:   157        SH:  0    Dex:  9 (10) Spells: 4/4 levels left

rFire    . . .     SeeInvis .   e - +0 whip
rCold    . . .     Faith    .   (no shield)
rNeg     . . .     Spirit   .   b - +0 robe
rPois    .         Reflect  .   (helmet restricted)
rElec    .         Harm     .   (no cloak)
rCorr    .         Rampage  .   (gloves unavailable)
Will     .....                  (boots unavailable)
Stlth    +.........             (no amulet)
HPRegen  0.18/turn              (no ring)
MPRegen  0.09/turn              (no ring)

@: very slightly contaminated, slowed, invisible, very slow
A: large, unfitting armour, tough skin 1
a: Renounce Religion


You were on level 3 of the Dungeon.
You worshipped Okawaru.
Okawaru was noncommittal.
You visited 1 branch of the dungeon, and saw 3 of its levels.

You collected 157 gold pieces.

Inventory:

Hand Weapons
 e - a +0 whip (weapon)
Missiles
 c - 5 large rocks
 d - 2 throwing nets
 f - 106 stones (quivered)
 q - 6 poisoned darts
Armour
 b - a +0 robe (worn)
Jewellery
 r - an uncursed ring of magical power
Wands
 p - a wand of flame (9)
Scrolls
 a - 5 scrolls of identify
 h - a scroll of random uselessness
 k - a scroll of magic mapping {unknown}
 l - a scroll of teleportation {unknown}
 o - a scroll of amnesia {unknown}
 s - a scroll of fear {unknown}
Potions
 g - 3 potions of brilliance
 j - 3 potions of flight
 m - a potion of haste
 n - a potion of heal wounds


   Skills:
 + Level 4.5 Fighting
 * Level 3.6 Maces & Flails
 - Level 4.1 Throwing
 - Level 2.0 Dodging
 - Level 0.6 Stealth


You had 4 spell levels left.
You didn't know any spells.
Your spell library was empty.

Dungeon Overview and Level Annotations

Branches:
Dungeon (3/15)

Altars:
Cheibriados
Dithmenos
Okawaru
Qazlal
Trog
Vehumet


Innate Abilities, Weirdness & Mutations

You are too large for most types of armour.
You have tough skin. (AC +1)


Message History

Press: ? - help, Q - select action, (/) - cycle Shift-Dir - straight line, f/p - orc wizard
Aim: an orc wizard, wielding a +0 dagger and wearing a +0 robe (severely wounded, fast, 51% to hit)
You throw a stone.
The stone completely misses the orc wizard.
Throw: 107 stones
Press: ? - help, Q - select action, (/) - cycle Shift-Dir - straight line, f/p - orc wizard
Aim: an orc wizard, wielding a +0 dagger and wearing a +0 robe (severely wounded, fast, 51% to hit)
You throw a stone.
The stone hits the orc wizard but does no damage.
The orc wizard is severely wounded.
The orc wizard barely misses you.
You hit the orc wizard but do no damage.
The orc wizard is severely wounded.
The orc wizard is no longer moving quickly.
The orc wizard barely misses you. x2
You hit the orc wizard.
The orc wizard is severely wounded.
The orc wizard casts a spell at you. The magic dart hits you.
You die...

######†##.........#
#.####.####### #.#
#.# ########.# #.#
#.....)..####.#
..>...######...#
##### #.### #.# #@#
#o# #(# #(# #(# #(#
#.# ...<.?.(..ooo#
.....##.####.#


You could see an orc wizard.

Vanquished Creatures
  Jessica (D:2)
  Terence (D:2)
  5 adders (D:2)
  3 oozes
  A worm (D:2)
  2 leopard geckos
  4 orcs (D:3)
  5 giant cockroaches
  6 goblins
  7 hobgoblins
  3 jackals (D:3)
  5 bats
  7 frilled lizards
  6 kobolds
  6 rats
62 creatures vanquished.

Notes
Turn   | Place    | Note
-------+----------+-------------------------------------------
     0 | D:1      | Ladykiller69 the Ogre Hunter began the quest for the Orb.
     0 | D:1      | Reached XP level 1. HP: 22/22 MP: 1/1
   379 | D:1      | Reached XP level 2. HP: 7/29 MP: 2/2
   677 | D:1      | Reached skill level 1 in Maces & Flails
  1111 | D:1      | Reached XP level 3. HP: 34/37 MP: 3/3
  1684 | D:2      | Noticed Terence
  2120 | D:2      | Found a radiant altar of Vehumet.
  2120 | D:2      | Found a bloodstained altar of Trog.
  2120 | D:2      | Found a snail-covered altar of Cheibriados.
  2120 | D:2      | Found a stormy altar of Qazlal.
  2121 | D:2      | Noticed Jessica
  2161 | D:2      | Reached XP level 4. HP: 45/46 MP: 4/4
  2419 | D:2      | Found an iron altar of Okawaru.
  2419 | D:2      | Found a shadowy altar of Dithmenos.
  2428 | D:2      | Became a worshipper of Warmaster Okawaru
  2478 | D:2      | Killed Jessica
  2514 | D:2      | Killed Terence
  2604 | D:2      | Reached XP level 5. HP: 48/54 MP: 5/5
  4161 | D:3      | HP: 2/55 [orc wizard/magic dart (7)]
  4167 | D:3      | Killed from afar by an orc wizard

Illustrated notes

Levels and vault maps discovered:
D:1:      onia_arrival_mini_spirals, layout_rooms
D:2:      layout_loops_ring, minmay_overflow_temple_hex, uniq_terence,
          uniq_jessica
D:3:      layout_loops_ring, hangedman_feature_mirror

Skill      XL: |  1  2  3  4 |
---------------+-------------+-----
Fighting       | 3 4 |  4.5
Dodging        | 2 |  2.0
Maces & Flails | 1 2 3 |  3.6
Throwing       | |  4.1
Stealth        | |  0.6

Action                   |  1- 3 |  4- 6 || total
-------------------------+-------+-------++-------
Melee: Whip              |   146 |   113 ||   259
       Short sword       |     2 |       ||     2
Throw: Stone             |    29 |    97 ||   126
       Large rock        |       |     4 ||     4
  Use: Scroll            |       |     6 ||     6
       Potion            |       |     3 ||     3
 Stab: Sleeping          |     2 |     1 ||     3
Armor: Robe              |    75 |    31 ||   106
Dodge: Dodged            |   108 |    66 ||   174
